 Dungeon Crawl Stone Soup version 0.27-a0-1513-g2aaa0cc67b (webtiles) character file.

Game seed: 4929617978655432345

9 blackman the Shield-Bearer (level 2, 0/24 HPs)
             Began as a Human Fighter on July 9, 2021.
             Slain by an endoplasm (1 damage)
             ... on level 1 of the Dungeon.
             The game lasted 00:00:39 (352 turns).

blackman the Shield-Bearer (Human Fighter)           Turns: 352, Time: 00:00:39

Health: 0/24       AC:  6    Str: 16    XL:     2   Next: 20%
Magic:  2/2        EV:  3    Int:  8    God:
Gold:   6          SH:  8    Dex: 12    Spells: 1/1 levels left

rFire    . . .     SeeInvis .   a - +0 war axe
rCold    . . .     Faith    .   c - +0 kite shield
rNeg     . . .     Spirit   .   b - +0 scale mail
rPois    .         Reflect  .   (no helmet)
rElec    .         Harm     .   (no cloak)
rCorr    .         Rampage  .   (no gloves)
Will     .....                  (no boots)
Stlth    ..........             (no amulet)
HPRegen  0.08/turn              (no ring)
MPRegen  0.08/turn              (no ring)

@: constricted
A: no striking features
a: no special abilities


You were on level 1 of the Dungeon.
You visited 1 branch of the dungeon, and saw 1 of its levels.

You collected 6 gold pieces.

Inventory:

Hand Weapons
 a - a +0 war axe (weapon)
Armour
 b - a +0 scale mail (worn)
 c - a +0 kite shield (worn)
Scrolls
 e - a scroll of vulnerability {unknown}
 f - a scroll of brand weapon {unknown}
Potions
 d - a potion of might


   Skills:
 - Level 3.0 Fighting
 * Level 2.8 Axes
 - Level 3.0 Armour
 - Level 3.0 Shields


You had one spell level left.
You didn't know any spells.
Your spell library contained the following spells:

 Spells                   Type           Power      Damage    Failure   Level
 Passage of Golubria      Tloc           N/A        N/A       100%        4
 Silence                  Hex/Air        0%         N/A       100%        5
 Lehudib's Crystal Spear  Conj/Erth      0%         10d2      100%        8


Dungeon Overview and Level Annotations

Branches:
Dungeon (1/15)

Altars:


Message History

An endoplasm comes into view.
The endoplasm quivers.
A kobold comes into view. It is wielding a +0 whip.
A ball python comes into view.
The ball python hisses angrily.
A kobold comes into view. It is wielding a +0 short sword.
The kobold shouts!
A frilled lizard comes into view.
Found 9 gold pieces.
You barely miss the endoplasm.
The frilled lizard hisses angrily.
A ball python comes into view.
You block the endoplasm's attack. The kobold hits you but does no damage.
You hit the kobold.
The kobold is severely wounded.
You hit the endoplasm. You hit the ball python.
You block the ball python's attack. The ball python grabs you.
The ball python constricts you. The kobold hits you but does no damage.
The endoplasm freezes you.
You are frozen.
The ball python bites you. The ball python constricts you.
The kobold hits you with a +2 dagger of speed.
The endoplasm hits you but does no damage.
You are too injured to fight recklessly!
You are too injured to fight recklessly!
You are too injured to fight recklessly!
You are too injured to fight recklessly!
The ball python's grasp on you weakens, but your attempt to escape fails.
You block the kobold's attack. The ball python bites you.
The ball python constricts you.
The kobold hits you with a +2 dagger of speed.
* * * LOW HITPOINT WARNING * * *
The endoplasm hits you but does no damage.
The ball python's grasp on you weakens, but your attempt to escape fails.
The ball python bites you.
* * * LOW HITPOINT WARNING * * *
x2 The ball python constricts you.
You block the kobold's attack. The kobold hits you with a +0 whip.
* * * LOW HITPOINT WARNING * * *
The endoplasm hits you.
You die...

# ####### ## #.....# .##
#.....# ..#
#.....############ ..#
##..#......(.....# ..#
##..#......KS.....
..#####...#.....@J..#.
...............KKS..l...
.######รท#.#.........#.##
..#####.#.#.........# $
..##....#.#.........#
..#..####.###.####....
....## .# #.# ..#.# ...##
.# #. ..... .#.#


You could see an endoplasm, 2 ball pythons, 3 kobolds and a frilled lizard.

Vanquished Creatures
  An endoplasm (D:1)
  4 jackals (D:1)
  2 bats (D:1)
  A spectral kobold (D:1)
8 creatures vanquished.

Notes
Turn   | Place    | Note
-------+----------+-------------------------------------------
     0 | D:1      | blackman the Human Fighter began the quest for the Orb.
     0 | D:1      | Reached XP level 1. HP: 18/18 MP: 1/1
    78 | D:1      | Found a faded altar of an unknown god.
   133 | D:1      | Reached XP level 2. HP: 8/24 MP: 2/2
   352 | D:1      | HP: 1/24 [kobold (3)]
   352 | D:1      | Slain by an endoplasm

Illustrated notes

Levels and vault maps discovered:
D:1:      wander_arrival_chamber, layout_rooms,
          dreamdust_ecumenical_altar_drowned_temple, roderic_roman_lattice,
          hangedman_decor_riveting, minmay_surrounded

Action                   || total
-------------------------++-------
Melee: War axe           ||    36
Armor: Scale mail        ||    33
Dodge: Dodged            ||    10
Block: Kite shield       ||    21

Table legend: (Time is in decaauts)
 A = Elapsed time spent in this place.
 B = Non-inter-level travel time spent in this place.
 C = Inter-level travel time spent in this place.
 D = Time resting spent in this place.
 E = Time spent auto-exploring this place.
 F = Levels seen in this place.
 G = Mean time per level.
                   A        B        C        D        E       F      G
               +--------+--------+--------+--------+--------+-----+--------+
         Total |    379 |    379 |      0 |      0 |    291 |   1 |  379.0 |
       Dungeon |    379 |    379 |      0 |      0 |    291 |   1 |  379.0 |
               +--------+--------+--------+--------+--------+-----+--------+

Top non-repeatable levels by time:
     D:1: 379 daAuts
